 Dungeon Crawl Stone Soup version 0.31.0-9-g3a7656b989 (console) character file.

Game seed: 7484268694656174233

21 AlterAsc the Cutter (level 2, 8/14 HPs)
             Began as a Spriggan Gladiator on Jan 26, 2024.
             Quit the game on level 1 of the Dungeon.
             The game lasted 00:02:56 (877 turns).

AlterAsc the Cutter (Spriggan Gladiator)             Turns: 877, Time: 00:02:56

Health: 8/14       AC:  2    Str: 10    XL:     2   Next: 65%
Magic:  3/3        EV: 18    Int:  9    God:
Gold:   58         SH:  0    Dex: 16    Spells: 1/1 levels left

rFire   . . .        a - +0 rapier
rCold   . . .        (no shield)
rNeg    . . .        b - +0 robe
rPois   .            c - +0 hat
rElec   .            (no cloak)
rCorr   .            (gloves unavailable)
SInv    +            (boots unavailable)
Will    .....        (no amulet)
Stlth   +            (no ring)
HPRegen 0.22/turn    (no ring)
MPRegen 0.08/turn

%: no passive effects
@: very quick
A: very small, no large weapons, unfitting armour, see invisible, speed 3
a: no special abilities


You were on level 1 of the Dungeon.
You visited 1 branch of the dungeon, and saw 2 of its levels.

You collected 58 gold pieces.

Inventory:

Hand Weapons
 a - a +0 rapier (weapon)
Missiles
 d - 3 throwing nets
 e - 2 boomerangs
 k - 7 poisoned darts (quivered)
Armour
 b - a +0 robe (worn)
 c - a +0 hat (worn)
Scrolls
 i - 2 scrolls of teleportation {unknown}
 l - a scroll of blinking {unknown}
 m - a scroll of enchant weapon {unknown}
Potions
 f - a potion of curing {unknown}
 g - 2 potions of mutation {unknown}
 h - a potion of lignification {unknown}
 j - a potion of magic {unknown}


   Skills:
 - Level 1.5 Fighting
 + Level 4.4 Short Blades
 - Level 2.0 Throwing
 - Level 4.0 Dodging


You had one spell level left.
You didn't know any spells.
Your spell library was empty.

Dungeon Overview and Level Annotations

Branches:
Dungeon (2/15)

Altars:


Innate Abilities, Weirdness & Mutations

You are very small and have problems with some larger weapons.
You are too small for most types of armour.
You have supernaturally acute eyesight. (SInv)
You cover ground extremely quickly. (Speed+++)


Message History

There is a stone staircase leading down here.
A goblin comes into view. It is wielding a +0 club.
The goblin shouts!
A goblin is nearby!
Found a ring mail.
You closely miss the goblin. The goblin completely misses you.
You hit the goblin.
The goblin is heavily wounded.
A frilled lizard comes into view.
The goblin closely misses you.
The frilled lizard hisses angrily.
You puncture the goblin!
You kill the goblin!
You see here a +0 club.
You hit the frilled lizard.
You kill the frilled lizard!
No target in view!
You see here a +0 ring mail.
k - 7 poisoned darts (gained 4) No target in view!
You now have 58 gold pieces (gained 11).
m - a scroll labelled REVIR LOUMIE A hobgoblin comes into view.
You closely miss the hobgoblin. The hobgoblin hits you.
You hit the hobgoblin.
The hobgoblin is severely wounded.
The hobgoblin completely misses you.
You barely miss the hobgoblin.
The hobgoblin is severely wounded.
The hobgoblin hits you.
You are too injured to fight recklessly!
You hit the hobgoblin but do no damage.
The hobgoblin is severely wounded.
The hobgoblin barely misses you.
You completely miss the hobgoblin.
The hobgoblin is severely wounded.
The hobgoblin completely misses you.
You hit the hobgoblin.
You kill the hobgoblin!
Are you sure you want to abandon this character and quit the game? (Confirm with "yes".)

#.#)######.##........#.###..#...
#.#.######.########..#......#...
##.#.#.............#..#..###.....
##.#.#.####........#..#.......)..
.#.#.# #........#..##..)......
.#.#.# ##......##.....[...#.##
.....# #......##.#########...
###### #...#####.#########.##
.....# #...# #..........># ####.#
####...###############.# .....#
.........@........[.....#
################################
........# #######.# #.#
###################### #.#
#.....................
#####'####.....################
#.......##...).........#
#.......#####+#.######.#
#.......# #.#.# #.# #####.###
#.#.# #.#


There were no monsters in sight!

Vanquished Creatures
  A ball python (D:1)
  A bat (D:1)
  A giant cockroach (D:2)
  5 goblins (D:1)
  2 hobgoblins (D:1)
  2 kobolds (D:1)
  4 frilled lizards (D:1)
  3 rats (D:1)
19 creatures vanquished.

Notes
Turn   | Place    | Note
-------+----------+-------------------------------------------
     0 | D:1      | AlterAsc the Spriggan Gladiator began the quest for the
                  | Orb.
     0 | D:1      | Reached XP level 1. HP: 10/10 MP: 2/2
    91 | D:1      | You fall into a shaft and drop 1 floor!
   304 | D:1      | Reached XP level 2. HP: 14/14 MP: 3/3
   877 | D:1      | Quit the game

Illustrated notes

Levels and vault maps discovered:
D:1:      kennysheep_arrival_forest, layout_basic
D:2:      layout_loops_corners

Skill      XL: |  1  2 |
---------------+-------+-----
Short Blades   | 4 |  4.4
Fighting       | |  1.5
Throwing       | |  2.0
Dodging        | |  4.0

Action                     || total
---------------------------++-------
  Melee: Rapier            ||    44
   Stab: Sleeping          ||     1
 Armour: Robe              ||    13
  Dodge: Dodged            ||    25
